Map: Blueshift LE

Players

Twine

  • Race: Terran Terran
  • League: Grandmaster
  • Spawn Location: 1:00

lIlIlIlIlIlI - Winner!

  • Race: Protoss Protoss
  • League: Master
  • Spawn Location: 7:00

VOD

Have the link to the VOD?

Description

Time

  • Played on: Sept. 12, 2018, 8:08 p.m.
  • Length: 10:45
Show
View Real Time Build Order
Export as new Build Order

Twine Terran 

Build Orders:  

Get SALT Encoding   

  12  0:00  SCV  
  13  0:13  SCV  
  14  0:17  Supply Depot  
  14  0:25  SCV  
  15  0:38  SCV  
  15  0:41  Barracks  
  16  0:42  Refinery  
  16  0:50  SCV  
  17  1:02  SCV  
  18  1:15  SCV  
  19  1:28  Reaper, Orbital Command  
  20  1:39  Command Center  
  20  1:51  Refinery  
  21  1:54  SCV  
  21  2:00  Marine  
  22  2:04  Factory  
  22  2:06  SCV  
  23  2:14  Supply Depot  
  23  2:19  Barracks Reactor  
  23  2:36  SCV  
  24  2:48  Starport, SCV, Widow Mine  
  24  2:50  Orbital Command  
  27  2:55  Orbital Command, Marine x2  
  29  3:00  SCV  
  30  3:09  Widow Mine  
  30  3:12  SCV  
  33  3:13  Marine x2  
  34  3:21  SCV  
  34  3:24  SCV  
  34  3:25  Medivac  
  38  3:32  Widow Mine  
  38  3:33  SCV  
  41  3:37  Supply Depot, SCV  
  42  3:42  Marine x2  
  42  3:45  SCV  
  45  3:49  SCV  
  45  3:50  Supply Depot  
  45  3:54  Factory Tech Lab  
  45  3:57  Liberator, SCV  
  45  4:01  SCV  
  47  4:09  SCV  
  48  4:12  Marine x2  
  48  4:13  Siege Tank, SCV  
  57  4:21  SCV  
  58  4:25  SCV  
  58  4:29  Command Center  
  58  4:30  Supply Depot  
  59  4:33  SCV  
  59  4:37  SCV  
  59  4:38  Marine  
  61  4:42  Refinery x2  
  62  4:50  Supply Depot  
  62  4:51  Marine  
  62  4:52  Siege Tank, SCV x2  
  68  5:04  SCV x2  
  70  5:08  Supply Depot  
  70  5:09  Supply Depot  
  70  5:11  Marine  
  70  5:12  Marine  
  72  5:16  SCV x2  
  74  5:22  Armory  
  74  5:23  Armory  
  74  5:27  Siege Tank  
  74  5:28  SCV  
  78  5:30  SCV, Marine x2  
  81  5:36  Supply Depot  
  81  5:40  SCV  
  81  5:42  Factory, SCV  
  83  5:45  Orbital Command  
  83  5:49  Marine x2  
  82  5:50  Factory  
  82  5:55  SCV  
  81  6:01  Siege Tank  
  83  6:04  SCV  
  83  6:08  Marine x2  
  83  6:09  SCV  
  82  6:15  Orbital Command  
  82  6:16  SCV  
  83  6:21  Terran Vehicle Weapons Level 1  
  83  6:22  Refinery, Terran Vehicle And Ship Armor Level 1  
  83  6:23  SCV  
  84  6:28  SCV  
  84  6:31  Liberator  
  85  6:33  Siege Tank  
  85  6:35  SCV  
  89  6:40  Factory Tech Lab, Refinery, SCV  
  89  6:41  SCV  
  91  6:47  SCV  
  91  6:49  Hellion x2  
  91  6:51  Command Center  
  91  6:52  SCV  
  91  6:53  SCV  
  101  6:54  Engineering Bay  
  101  7:01  Siege Tank  
  101  7:07  Factory  
  101  7:08  Factory  
  104  7:11  Supply Depot x2  
  104  7:13  Hellion  
  108  7:17  Siege Tank  
  108  7:19  Liberator  
  108  7:22  Supply Depot  
  109  7:23  Supply Depot  
  109  7:25  Hellion  
  109  7:26  Barracks Reactor  
  114  7:39  Missile Turret  
  114  7:40  Siege Tank, Missile Turret  
  114  7:41  Missile Turret  
  118  7:44  Hellion  
  118  7:48  Hellion  
  118  7:50  Supply Depot x2  
  118  7:51  Siege Tank  
  123  7:52  Factory Tech Lab  
  123  7:57  Infernal Pre-Igniter  
  120  8:05  Orbital Command  
  120  8:06  Hellion  
  120  8:08  Hellion  
  120  8:10  Hellion  
  120  8:11  Hellion  
  124  8:13  Siege Tank  
  124  8:15  Hellion x2  
  131  8:20  Command Center  
  131  8:21  Liberator  
  131  8:22  Terran Vehicle Weapons Level 2  
  131  8:24  Terran Vehicle And Ship Armor Level 2  
  131  8:32  Siege Tank  
  134  8:38  Hellion x3  
  134  8:40  Hellion  
  145  8:49  Siege Tank  
  140  8:58  Hellion  
  140  8:59  Hellion  
  135  9:04  Siege Tank  
  135  9:08  Hellion x2  
  115  9:12  Hellion x4  
  115  9:13  Hellbat  
  96  9:20  Hellbat, Siege Tank  
  96  9:21  Siege Tank  
  104  9:31  Hellbat x2  
  108  9:36  Orbital Command  
  108  9:37  Siege Tank  
  111  9:39  Hellbat, Starport Reactor  
  112  9:46  Hellbat  
  112  9:48  Orbital Command  
  112  9:52  Hellbat x2, Siege Tank  
  93  9:53  Siege Tank  
  93  9:56  SCV  
  72  10:00  Hellbat  
  67  10:07  Hellbat  
  67  10:09  Siege Tank  
  67  10:14  Hellbat x2  
  63  10:20  SCV  
  63  10:21  Hellbat, SCV  
  59  10:24  Hellbat  
Show
View Real Time Build Order
Export as new Build Order

lIlIlIlIlIlI Protoss - Winner!

Build Orders: 1 Gate Expand, Double Forge, Blink Stalkers 

Get SALT Encoding   

  12  0:00  Probe  
  13  0:13  Probe  
  14  0:19  Pylon  
  14  0:25  Probe  
  15  0:33  Probe  
  15  0:37  Gateway  
  15  0:41  Probe  
  16  0:44  Assimilator  
  17  0:51  Probe  
  18  1:03  Probe  
  19  1:20  Nexus  
  20  1:28  Cybernetics Core  
  20  1:31  Probe  
  20  1:38  Assimilator  
  20  1:45  Probe  
  20  1:46  Pylon  
  21  1:55  Stalker  
  21  1:57  Probe  
  24  2:10  Warp Gate, Probe  
  25  2:17  Stalker  
  25  2:22  Probe  
  27  2:32  Probe  
  27  2:34  Probe  
  29  2:43  Probe  
  29  2:45  Twilight Council  
  29  2:46  Probe  
  29  2:48  Blink, Stalker  
  33  2:51  Probe  
  33  2:58  Probe  
  35  3:00  Probe  
  36  3:10  Probe x2  
  38  3:22  Probe x2  
  40  3:34  Probe x2  
  40  3:36  Gateway  
  40  3:38  Gateway  
  42  3:43  Pylon  
  42  3:46  Assimilator, Probe  
  42  3:47  Probe  
  44  3:58  Probe  
  44  3:59  Probe  
  44  4:11  Probe x2  
  46  4:19  Stalker  
  46  4:22  Pylon  
  46  4:23  Probe x2  
  50  4:30  Forge  
  50  4:31  Stalker  
  50  4:32  Stalker  
  50  4:33  Forge  
  50  4:38  Pylon  
  54  4:43  Probe  
  54  4:44  Nexus  
  55  4:46  Pylon  
  55  4:48  Charge  
  55  4:49  Protoss Ground Armor Level 1, Pylon  
  55  4:53  Pylon  
  55  4:57  Stalker, Protoss Ground Weapons Level 1  
  57  5:02  Stalker  
  57  5:06  Stalker  
  61  5:16  Probe x2  
  63  5:21  Stalker  
  63  5:28  Probe x2  
  67  5:31  Pylon  
  67  5:32  Sentry  
  69  5:36  Stalker  
  69  5:40  Probe x2  
  73  5:51  Gateway  
  73  5:52  Gateway, Probe x2  
  75  6:02  Probe  
  69  6:09  Gateway  
  69  6:11  Gateway, Probe x2  
  69  6:12  Gateway  
  69  6:17  Protoss Ground Weapons Level 2  
  69  6:18  Pylon  
  71  6:21  Protoss Ground Armor Level 2  
  71  6:23  Zealot x3  
  77  6:30  Robotics Facility  
  77  6:32  Pylon  
  77  6:35  Probe x2  
  79  6:42  Pylon  
  79  6:44  Probe  
  80  6:50  Pylon  
  80  7:01  Zealot x2  
  80  7:03  Zealot  
  80  7:04  Probe  
  80  7:05  Nexus, Probe  
  80  7:06  Pylon  
  80  7:07  Probe  
  80  7:08  Zealot  
  91  7:13  Zealot  
  93  7:17  Probe  
  93  7:18  Observer  
  94  7:25  Zealot  
  94  7:27  Probe  
  94  7:28  Probe  
  94  7:29  Sentry  
  100  7:30  Zealot  
  102  7:39  Warp Prism, Zealot  
  102  7:42  Zealot x3  
  112  7:51  Stalker x3  
  118  8:02  Zealot x2  
  120  8:06  Stalker x3  
  120  8:10  Gateway  
  126  8:13  Gateway  
  126  8:15  Gateway  
  126  8:20  Gateway  
  126  8:21  Warp Prism  
  126  8:25  Stalker x5  
  138  8:36  Zealot x3  
  142  8:54  Zealot x5  
  142  9:03  Stalker x3  
  78  9:17  Zealot x6  
  78  9:21  Probe x2  
  78  9:22  Probe  
  91  9:27  Zealot x5  
  91  9:30  Stalker  
  99  9:45  Zealot  
  99  9:46  Zealot x5  
  99  9:57  Zealot x5  
  101  10:00  Stalker  
  93  10:09  Stalker x4  
  93  10:10  Stalker  
  97  10:15  Zealot  
  91  10:26  Zealot x6  
  99  10:35  Zealot x5  
Tags
 
Add a new tag
Caveats
  • Supply blocks, unpowered buildings, or Contaminate may cause inaccurate times.
  • Supply counts are checked every 10 seconds.